 Dungeon Crawl Stone Soup version 0.31-a0-667-g39726597b9 (webtiles) character file.

Game seed: 850767857461616376

1806 Bravepunisher the Nimble (level 8, -4/43 HPs)
             Began as a Spriggan Monk on Sept 3, 2023.
             Was a High Priest of Makhleb.
             Splashed by a jelly's acid (12 damage)
             ... on level 7 of the Dungeon.
             The game lasted 00:18:58 (5668 turns).

Bravepunisher the Nimble (Spriggan Monk)            Turns: 5668, Time: 00:19:13

Health: -4/43      AC:  6    Str:  7    XL:     8   Next: 84%
Magic:  12/12      EV: 16    Int: 11    God:    Makhleb [*****.]
Gold:   386        SH:  0    Dex: 26    Spells: 7/7 levels left

rFire   . . .        a - +0 short sword
rCold   + + .        d - orb {light}
rNeg    . . .        C - +0 ice dragon scales
rPois   .            (helmet restricted)
rElec   .            u - +0 cloak
rCorr   .            (gloves unavailable)
SInv    +            (boots unavailable)
Will    +....        (no amulet) Stlth
                     f - +6 ring of dexterity
HPRegen 0.27/turn    k - ring of protection from fire
MPRegen 0.13/turn

%: no passive effects
@: corroded, glowing, very quick
A: very small, no large weapons, unfitting armour, see invisible, speed 3
a: Renounce Religion, Minor Destruction, Lesser Servant of Makhleb, Major
Destruction, Greater Servant of Makhleb


You were on level 7 of the Dungeon.
You worshipped Makhleb.
Makhleb was extremely pleased with you.
You visited 2 branches of the dungeon, and saw 8 of its levels.

You collected 386 gold pieces.

Inventory:

Hand Weapons
 a - a +0 short sword (weapon)
Armour
 d - an orb of light (worn)
 u - a +0 cloak (worn)
 C - +0 ice dragon scales (worn)
Jewellery
 f - a +6 ring of dexterity (left hand)
 k - a ring of protection from fire (right hand)
 x - the ring "Ymotaff" {rPois Int+6}
   (You found it on level 5 of the Dungeon)

   [ring of intelligence]

   Int+6:     It affects your intelligence (+6).
   rPois:     It protects you from poison
Wands
 t - a wand of iceblast (18)
Scrolls
 e - 3 scrolls of teleportation {unknown}
 g - 3 scrolls of identify {unknown}
 j - a scroll of poison {unknown}
 l - 2 scrolls of amnesia {unknown}
 n - 2 scrolls of silence {unknown}
 p - a scroll of summoning {unknown}
 q - 2 scrolls of enchant weapon {unknown}
 s - a scroll of brand weapon {unknown}
 v - a scroll of torment {unknown}
 y - 3 scrolls of fear {unknown}
 z - a scroll of fog {unknown}
 A - a scroll of revelation {unknown}
Potions
 b - a potion of lignification {unknown}
 c - a potion of ambrosia
 h - 3 potions of attraction {unknown}
 i - a potion of mutation {unknown}
 m - 2 potions of invisibility {unknown}
 o - 2 potions of degeneration {unknown}
 r - a potion of curing {unknown}
 w - a potion of might {unknown}
 B - a potion of berserk rage {unknown}


   Skills:
 + Level 5.2 Fighting
 - Level 3.2 Short Blades
 + Level 1.3 Armour
 * Level 11.2 Dodging
 + Level 5.2 Invocations


You had 7 spell levels left.
You didn't know any spells.
Your spell library contained the following spells:

 Spells                   Type           Power      Damage    Failure   Level
 Magic Dart               Conj           0%         1d3       100%        1
 Blink                    Tloc           0%         N/A       100%        2
 Call Imp                 Summ           0%         N/A       100%        2
 Poisonous Vapours        Pois/Air       0%         N/A       100%        2
 Searing Ray              Conj           0%         2d4       100%        2
 Mephitic Cloud           Conj/Pois/Air  0%         N/A       100%        3
 Fulminant Prism          Conj/Hex       0%         3d5       100%        4
 Manifold Assault         Tloc           0%         N/A       100%        4
 Freezing Cloud           Conj/Ice/Air   0%         6-21      100%        5


Dungeon Overview and Level Annotations

Branches:
Dungeon (7/15)             Temple (1/1) D:4

Altars:
Ashenzari
Cheibriados
Dithmenos
Gozag
Hepliaklqana
Kikubaaqudgha
Makhleb
Nemelex Xobeh
Okawaru
Qazlal
Ru
Sif Muna
Trog
Uskayaw
Vehumet
Wu Jian
Xom
Yredelemnul
The Shining One

Annotations:
D:3 3 runed translucent doors, Age's ghost, weakling MiFi
D:7 Pikel


Innate Abilities, Weirdness & Mutations

You are very small and have problems with some larger weapons.
You are too small for most types of armour.
You have supernaturally acute eyesight. (SInv)
You cover ground extremely quickly. (Speed+++)


Message History

Your orange demon closely misses the lemure.
Your orange demon hits the lemure but does no damage.
Pikel hits you with a +1 whip of flaming!
Pikel burns you. The jelly hits you but does no damage.
The lemure barely misses you.
Your orange demon stings the lemure!
The lemure dies!
Pikel hits your orange demon with a +1 whip of flaming.
Pikel burns your orange demon.
Your orange demon barely misses Pikel.
Your orange demon hits Pikel but does no damage.
Pikel hits your orange demon with a +1 whip of flaming!
Pikel burns your orange demon.
You puncture the jelly!
Your hands burn!
The jelly is moderately wounded.
The jelly closely misses you.
Your orange demon stings Pikel.
Pikel looks as sick as possible!
Your orange demon poisons Pikel!
Your orange demon barely misses Pikel.
Pikel hits your orange demon with a +1 whip of flaming!
Pikel burns your orange demon.
You hit the jelly.
Your hands burn!
The jelly is heavily wounded.
The jelly barely misses you.
Your orange demon misses Pikel.
Your orange demon barely misses Pikel.
Unknown command.
You hit the jelly.
Your hands burn!
The jelly is heavily wounded.
Pikel hits your orange demon with a +1 whip of flaming.
Pikel burns your orange demon. The jelly closely misses you.
Your orange demon stings Pikel.
Your orange demon hits Pikel.
Pikel looks weaker.
Unknown command.
You hit the jelly.
Your hands burn!
* * * LOW HITPOINT WARNING * * *
The jelly is almost dead.
Pikel hits your orange demon with a +1 whip of flaming.
Pikel burns your orange demon. The jelly hits you.
* * * LOW HITPOINT WARNING * * *
The acid corrodes you!
You are splashed with acid!
You die...

.#.#... ......# #
.5..... #.#...>#
###.# ....z..
####.#....##...#
#.###..
.....#...<#..8.#
# ..
.........$.....#
. .#
.$............#.#
.. #
........K######
... .......J4#
.... .......@.#
....# .........#
##.......#
#####.#.# #.[##
##. #. .. ..


You could see Pikel (distracted, extremely poisoned, weak, ally target), a jelly
and a friendly orange demon (summoned).

Vanquished Creatures
  Grinder (D:4)
  Menkaure (D:7)
  A water moccasin (D:5)
  An orc warrior (D:6)
  An ogre (D:7)
  A phantom (D:6)
  A centaur (D:5)
  2 lemures (D:7)
  2 bullfrogs (D:6)
  3 scorpions
  A wight (D:7)
  2 orc priests
  5 hounds
  A sleepcap (D:5)
  2 jellies
  3 iguanas
  5 orc wizards
  7 adders
  A white imp (D:5)
  2 ufetubi
  A worm (D:5)
  24 orcs
  5 bats
  11 endoplasms
  3 giant cockroaches
  7 hobgoblins
  2 jackals (D:5)
  8 quokkas
  9 ball pythons
  2 frilled lizards (D:2)
  5 goblins
  11 kobolds
  7 rats
138 creatures vanquished.

Vanquished Creatures (collateral kills)
  A lemure (D:7)
1 creature vanquished.

Grand Total: 139 creatures vanquished

Notes
Turn   | Place    | Note
-------+----------+-------------------------------------------
     0 | D:1      | Bravepunisher the Spriggan Monk began the quest for the
                  | Orb.
     0 | D:1      | Reached XP level 1. HP: 11/11 MP: 2/2
   128 | D:2      | Reached XP level 2. HP: 16/16 MP: 3/3
   293 | D:3      | Noticed a water moccasin
   294 | D:3      | Noticed Age's ghost (weakling MiFi)
   295 | D:4      | Found a staircase to the Ecumenical Temple.
   304 | D:4      | Reached skill level 5 in Dodging
   307 | Temple   | Entered the Ecumenical Temple
   314 | Temple   | Became a worshipper of Makhleb the Destroyer
   314 | Temple   | Reached * piety under Makhleb
   314 | Temple   | Reached ** piety under Makhleb
   386 | D:1      | Reached XP level 3. HP: 19/19 MP: 4/4
   585 | D:1      | Found a faded altar of an unknown god.
  1114 | D:2      | Reached *** piety under Makhleb
  1115 | D:2      | Reached skill level 1 in Invocations
  1115 | D:2      | Reached XP level 4. HP: 17/23 MP: 5/5
  1444 | D:3      | Found a runed translucent gate.
  1445 | D:3      | Found a runed translucent gate.
  1446 | D:3      | Found a runed translucent gate.
  1474 | D:3      | Reached skill level 6 in Dodging
  1589 | D:3      | Reached XP level 5. HP: 24/28 MP: 7/7
  1883 | D:3      | Found a hide-covered altar of Uskayaw.
  2122 | D:3      | Found a shimmering altar of Xom.
  2124 | D:3      | Found a hazy altar of Hepliaklqana.
  2124 | D:3      | Found an ancient bone altar of Kikubaaqudgha.
  2126 | D:3      | Found a white marble altar of Elyvilon.
  2126 | D:3      | Found a sacrificial altar of Ru.
  2126 | D:3      | Found an opulent altar of Gozag.
  2354 | D:4      | You fall into a shaft and drop 1 floor!
  2354 | D:5      | Entered Level 5 of the Dungeon
  2364 | D:5      | Noticed Grinder
  2381 | D:4      | Paralysed by Grinder for 4 turns
  2386 | D:4      | Killed Grinder
  2387 | D:4      | Reached skill level 7 in Dodging
  2387 | D:4      | Reached XP level 6. HP: 21/33 MP: 7/9
  2643 | D:4      | Found a basalt altar of Yredelemnul.
  3282 | D:5      | Reached skill level 8 in Dodging
  3301 | D:5      | Reached **** piety under Makhleb
  3331 | D:5      | Noticed a water moccasin
  3347 | D:5      | Killed a water moccasin
  3348 | D:5      | Reached XP level 7. HP: 20/37 MP: 10/10
  3437 | D:5      | Identified the ring "Ymotaff" {rPois Int+6}
  3741 | D:5      | Reached skill level 9 in Dodging
  3957 | D:5      | Reached XP level 8. HP: 39/42 MP: 12/12
  4293 | D:6      | Reached skill level 10 in Dodging
  4532 | D:6      | Reached ***** piety under Makhleb
  4600 | D:6      | Identified the +3 shortbow of Dullness {flame, rPois Str+4}
  4760 | D:6      | Reached skill level 5 in Fighting
  5185 | D:7      | Reached skill level 5 in Invocations
  5197 | D:7      | Reached skill level 1 in Armour
  5379 | D:7      | Noticed Menkaure
  5408 | D:7      | Killed Menkaure
  5409 | D:7      | Reached skill level 11 in Dodging
  5651 | D:7      | Noticed Pikel
  5668 | D:7      | Splashed by a jelly's acid

Illustrated notes

Levels and vault maps discovered:
D:1:      dpeg_arrival_yet_another_circle, layout_basic, basic_ecumenical_altar
D:2:      layout_basic, minmay_misc_feat_cross, nrook_mini_backslash,
          minmay_quadrilaterals
D:3:      layout_loops_cross, doesnt_xom_only_xom, nicolae_uskayaw_dance_hall,
          gammafunk_ghost_split
D:4:      layout_gridville, lemuel_round_altar, minmay_temple_entry_large_hall,
          minmay_hedge_maze
D:5:      layout_basic, uniq_grinder
D:6:      layout_basic
D:7:      layout_basic, nicolae_twisty_statue_hallways, uniq_menkaure,
          uniq_pikel, uniq_crazy_yiuf_cottage
Temple:   eino_wide_crystal_templ

Skill      XL: |  1  2  3  4  5  6  7  8 |
---------------+-------------------------+-----
Dodging        | 5 6 7 8 9 11 | 11.2
Invocations    | 1 2 3 4 5 |  5.2
Fighting       | 3 4 5 |  5.2
Armour         | 1 |  1.3
Short Blades   | |  3.2

Action                     |  1- 3 |  4- 6 |  7- 9 || total
---------------------------+-------+-------+-------++-------
  Melee: Short sword       |   104 |    23 |    31 ||   158
 Invoke: Minor Destruction |    36 |    99 |   156 ||   291
         Lesser Servant of |       |       |     1 ||     1
 Armour: Robe              |    18 |    12 |     8 ||    38
         Ice dragon scales |       |       |    11 ||    11
  Dodge: Dodged            |    69 |    34 |    67 ||   170

Table legend: (Time is in decaauts)
 A = Elapsed time spent in this place.
 B = Non-inter-level travel time spent in this place.
 C = Inter-level travel time spent in this place.
 D = Time resting spent in this place.
 E = Time spent auto-exploring this place.
 F = Levels seen in this place.
 G = Mean time per level.
                   A        B        C        D        E       F      G
               +--------+--------+--------+--------+--------+-----+--------+
         Total |   3971 |   3836 |    135 |    144 |   2819 |   8 |  496.4 |
       Dungeon |   3961 |   3826 |    135 |    144 |   2819 |   7 |  565.9 |
        Temple |     10 |     10 |      0 |      0 |      0 |   1 |   10.0 |
               +--------+--------+--------+--------+--------+-----+--------+

Top non-repeatable levels by time:
     D:6: 762 daAuts
     D:4: 726 daAuts
     D:5: 709 daAuts
     D:2: 526 daAuts
     D:3: 504 daAuts
     D:1: 443 daAuts
     D:7: 288 daAuts
  Temple: 10 daAuts
